 Dungeon Crawl Stone Soup version 0.23.2-11-gf996548c65 (webtiles) character file.

Game seed: 2989487219598884175

12 MalarOregon the Ruffian (level 2, -2/26 HPs)
             Began as a Ghoul Monk on June 4, 2019.
             Slain by a gnoll
             ... wielding a +0 flail
              (5 damage)
             ... on level 1 of the Dungeon.
             The game lasted 00:00:46 (575 turns).

MalarOregon the Ruffian (Ghoul Monk)                 Turns: 575, Time: 00:00:47

Health: -2/26      AC:  2    Str: 14    XL:     2   Next: 33%
Magic:  1/1        EV: 13    Int:  5    God:
Gold:   28         SH:  0    Dex: 11    Spells: 1/1 levels left

rFire    . . .     SeeInvis .     - Unarmed
rCold    + . .     Gourm    .   (no shield)
rNeg     + + +     Faith    .   a - +0 robe
rPois    ∞         Spirit   .   (no helmet)
rElec    .         Reflect  .   h - scarf {repulsion}
rCorr    .         Harm     .   (no gloves)
MR       .....                  (no boots)
Stlth    ++........             (no amulet)
HPRegen  0.00/turn              (no ring)
MPRegen  0.07/turn              (no ring)

@: rotting, repel missiles
A: rotting body, claws 1, carnivore, cold resistance 1, negative energy
resistance 3, inhibited regeneration, torment resistance, unbreathing
a: no special abilities


You were on level 1 of the Dungeon.
You were not hungry.

You visited 1 branch of the dungeon, and saw 1 of its levels.

You collected 28 gold pieces.

Inventory:

Armour
 a - a +0 robe (worn)
 h - a scarf of repulsion (worn)
   (You found it on level 1 of the Dungeon)
Scrolls
 b - a scroll of amnesia {unknown}
 c - a scroll of enchant armour {unknown}
 d - 2 scrolls of identify {unknown}
Potions
 f - a potion of heal wounds {unknown}
 g - 2 potions of might {unknown}
 i - a potion of curing {unknown}
 j - a potion of cancellation {unknown}
Comestibles
 e - 2 rations {!d}


   Skills:
 + Level 3.4 Fighting
 + Level 2.8 Dodging
 + Level 2.4 Stealth
 * Level 3.6 Unarmed Combat


You had one spell level left.
You didn't know any spells.
Your spell library was empty.

Dungeon Overview and Level Annotations

Branches:
Dungeon (1/15)

Altars:


Innate Abilities, Weirdness & Mutations

Your body is rotting away.
You thrive on raw meat.
You are immune to poison.
You have sharp fingernails.
You are carnivorous and can eat meat at any time.
Your flesh is cold resistant. (rC+)
You are immune to negative energy. (rN+++)
You do not regenerate when monsters are visible.
You are immune to unholy pain and torment.
You can survive without breathing.


Message History

No target in view!
No target in view!
No target in view!
No target in view!
No target in view!
No target in view!
No target in view!
No target in view!
No target in view!
No target in view!
No target in view!
Things that are here:
a +0 dagger; a goblin corpse You butcher the goblin corpse.
k - 2 chunks of flesh (gained 1)
Things that are here:
a +0 dagger; a goblin skeleton
Things that are here:
a +0 dagger; a goblin skeleton You feel your flesh rotting away.
Eating one of 2 chunks of flesh.
You eat one of the 2 chunks of flesh.
You feel more resilient.
This raw flesh tastes great!
There is an open door here.
A giant cockroach and a gnoll come into view.
The gnoll shouts!
A hobgoblin comes into view. It is wielding a +0 club.
The giant cockroach moves out of view.
A hobgoblin comes into view. It is wielding a +0 club.
You scratch the giant cockroach. The giant cockroach barely misses you.
The giant cockroach misses you.
You scratch the giant cockroach.
You kill the giant cockroach!
The hobgoblin shouts!
You scratch the gnoll. You claw the gnoll, but do no damage.
The gnoll hits you with a +0 flail!
Ouch! That really hurt!
* * * LOW HITPOINT WARNING * * *
Eat a chunk of flesh? (ye/n/q)
You eat the chunk of flesh.
This raw flesh tastes great!
The gnoll misses you.
You scratch the gnoll but do no damage. You scratch the gnoll but do no damage.
The gnoll closely misses you.
You barely miss the gnoll. The gnoll hits you with a +0 flail!
* * * LOW HITPOINT WARNING * * *
You barely miss the gnoll. The gnoll barely misses you.
You closely miss the gnoll. You scratch the gnoll. The gnoll barely misses you.
You scratch the gnoll but do no damage. The gnoll hits you with a +0 flail.
* * * LOW HITPOINT WARNING * * *
You barely miss the gnoll. The gnoll hits you with a +0 flail.
You die...

.....####.##########.#.....###..#
.....#≈≈≈§≈≈≈#...# #.#.########.#
.....+§§§§≈≈.'.#.###.#.##........
.....#§.....≈#.#........#.###....
.....#§≈.<.≈≈#.....#.#..#.###....
##...#≈.....≈#...###.##.#.......#
#.#.+.§≈≈§≈.+.#.###.####.......#
#.#.#≈§≈.§≈≈#.#........'.......#
#.#.####.####.#@###.####......##
#.#.# #.# #.#g# #.# #......##
#.#.# #.#


#gg #.# ###....## ##.#.# #.# #.#.#.# #....## #..#.# ....#+# #....## #.##.# ... .
#....## #.##'####### ... .. #....## #..........# ..... .. #....## ##.........#
#....## You could see a gnoll and 2 hobgoblins.

Vanquished Creatures
  A leopard gecko (D:1)
  A ball python (D:1)
  A giant cockroach (D:1)
  2 goblins (D:1)
  A hobgoblin (D:1)
  3 bats (D:1)
  A frilled lizard (D:1)
  A kobold (D:1)
11 creatures vanquished.

Notes
Turn   | Place    | Note
-------+----------+-------------------------------------------
     0 | D:1      | MalarOregon the Ghoul Monk began the quest for the Orb.
     0 | D:1      | Reached XP level 1. HP: 19/19 MP: 0/0
   447 | D:1      | Reached XP level 2. HP: 16/26 MP: 1/1
   575 | D:1      | Slain by a gnoll

Action                   || total
-------------------------++-------
Melee: Unarmed           ||    37
       Punch             ||     1
 Stab: Sleeping          ||     1
  Eat: Chunk             ||     4
Armor: Robe              ||     7
Dodge: Dodged            ||    24
